[Event "*** Titled Tuesday Blitz"]
[Site "Chess.com"]
[Date "2020.03.03"]
[Round "3"]
[White "MarcoRiehle"]
[Black "vugarrasulov"]
[Result "1-0"]
[WhiteElo "2738"]
[BlackElo "2887"]
[TimeControl "180+1"]
[EndTime "9:30:10 PST"]
[Termination "MarcoRiehle won by resignation"]

1. e4 c5 2. Nf3 d6 3. d4 cxd4 4. Nxd4 Nf6 5. f3 Nc6 6. c4 g6 7. Be3 Bg7 8. Nc3 O-O 9. Qd2 Nxd4 10. Bxd4 Be6 11. Be2 Qa5 12. O-O Rfc8 13. Rfd1 Bxc4 14. Bxc4 Rxc4 15. Bxf6 Bxf6 16. Nd5 Qxd2 17. Nxf6+ Kg7 18.
Nh5+ gxh5 19. Rxd2 Rac8 20. Re1 Kf6 21. Ree2 h4 22. Kf2 Rc1 23. f4 Rh1 24. h3 Rcc1 25.
Rd5 Rhf1+ 26. Ke3 Rce1 27. Rf5+ Ke6 28. Rxe1 Rxe1+ 29. Kf3 a6 30. Rh5 Rf1+ 31. Ke3 Rb1 32. Rxh4 Rxb2 33. g4 Rxa2 34. Rh6+ f6 35. Rxh7 a5 36. h4 a4 37. f5+ Kd7 38. g5 fxg5 39. hxg5 Ke8 40. Rh8+ Kd7 41. Rh7 Ra3+ 42. Kf4 Ra1 43. f6 a3 44. Rxe7+ Kc6 45. Re8 Rf1+ 46. Ke3 b5 47. Ra8 b4 48. Kd3 Kb5 49. g6 Rf3+ 50. Kd4 b3 51. g7 Rg3 52. f7 a2 53. f8=Q 1-0

[Event "*** Titled Tuesday Blitz"]
[Site "Chess.com"]
[Date "2020.03.03"]
[Round "3"]
[White "bilelou"]
[Black "GM_dmitrij"]
[Result "0-1"]
[WhiteElo "2585"]
[BlackElo "2821"]
[TimeControl "180+1"]
[EndTime "9:30:10 PST"]
[Termination "GM_dmitrij won by resignation"]

1. e4 e5 2. Nf3 Nc6 3. Bb5 a6 4.
Ba4 Nf6 5. O-O Bc5 6. c3 b5 7.
Bb3 d6 8. a4 b4 9. d4 Ba7 10.
a5 O-O 11. h3 Rb8 12. Bc2 Re8 13. Re1 Bd7 14. Bg5 h6 15. Bh4 g5 16. Bg3 Kg7 17. d5 Ne7 18. c4 Ng6 19. Nbd2 Nh5 20. Nf1 Qf6 21. Ne3 Nxg3 22. fxg3 Ne7 23. Nh2 Qg6 24. g4 Rh8 25. Kh1 b3 26. Bd3 h5 27. gxh5 Qxh5 28. Be2 Qg6 29. Bg4 f5 30. exf5 Nxf5 31. Nxf5+ Bxf5 32. Rf1 Bc2 33. Qd2 Rbf8 34. Nf3 Rf4 35. Nh2 Rhf8 36.
Rxf4 Rxf4 37. Qb4 Bd4 38. Qb7 Bxb2 39. Rg1 Bd4 40. Re1 b2 41. Qxc7+ Rf7 42. Qb8 b1=Q 43. Rxb1 Bxb1 44. Nf3 Be4 45. Nd2 Bf5 46. Bf3 e4 47. Be2 g4 48. Qb3 gxh3 49. gxh3 e3 0-1

[Event "*** Titled Tuesday Blitz"]
[Site "Chess.com"]
[Date "2020.03.03"]
[Round "3"]
[White "Anton_Demchenko"]
[Black "JSPrepz"]
[Result "0-1"]
[WhiteElo "2973"]
[BlackElo "2757"]
[TimeControl "180+1"]
[EndTime "9:30:11 PST"]
[Termination "JSPrepz won on time"]

1. e4 e5 2. Nf3 Nc6 3. Bc4 Nf6 4.
d3 h6 5. Nc3 d6 6. O-O g5 7.
Ne2 Bg4 8. c3 Bxf3 9. gxf3 Bg7 10. Ng3 Ne7 11. Qb3 O-O 12. Qxb7 a5 13. Qb3 c6 14. d4 d5 15. Bd3 exd4 16. cxd4 dxe4 17. fxe4 Qxd4 18. Be3 Qe5 19. Rac1 Ng4 20. Bc5 Rfb8 21. Qd1 Nf6 22. b3 Ng6 23. Bc4 Rd8 24. Qf3 Nh4 25.
Qe2 Rd2 26. Qe3 Ng4 27. f4 Rg2+ 28. Kh1 Rxh2+ 29. Kg1 Rg2+ 30. Kh1 Nxe3 31. fxe5 Nxf1 32. Rxf1 Rxg3 33. Rxf7 Kh8 34. e6 Rh3+ 35. Kg1 Rf3 36. e7 Re8 37. Be6 g4 38. Kh2 Kh7 39. Rxf3 Nxf3+ 40. Kg3 Ne5 41. Bf5+ Kh8 42. a3 Bf6 43. Kf4 Bxe7 0-1

[Event "*** Titled Tuesday Blitz"]
[Site "Chess.com"]
[Date "2020.03.03"]
[Round "3"]
[White "IMRosen"]
[Black "gmcorrales"]
[Result "0-1"]
[WhiteElo "2508"]
[BlackElo "2784"]
[TimeControl "180+1"]
[EndTime "9:30:14 PST"]
[Termination "gmcorrales won by resignation"]

1. d4 Nf6 2. Bf4 g6 3. Nc3 d6 4. e4 h6 5. Qd2 g5 6. Be3 Ng4 7. O-O-O Bg7 8. h4 Nxe3 9. fxe3 g4 10. Bc4 h5 11. Nge2 e6 12. Rhf1 Qxh4 13. Rh1 Qe7 14. Rdf1 Bd7 15. g3 Nc6 16. Nf4 Qg5 17. Nb5 O-O-O 18. d5 Ne5 19. Qa5 Bxb5 20. Bxb5 a6 21. dxe6 Kb8 22. Nd5 Rc8 23. Bd7 fxe6 24. Bxe6 c6 25.
Rf5 Qd8 26. Nb6 Rc7 27. Rhf1 Re7 28. Bb3 Nd7 29. Nc4 Qxa5 30. Nxa5 Nc5 31. Rf7 Rhe8 32. Bc4 Nxe4 33. Bxa6 Nxg3 34. Bxb7 Nxf1 35. Nxc6+ Kxb7 36. Nxe7 Nxe3 37. Nf5+ Kb6 38. Nxe3 Bh6 39.
Kd1 Bxe3 40. Ke2 Bd4+ 41. Kf1 Bxb2 42. Kg2 Be5 43. a4 Rc8 44. Rf5 Rxc2+ 45. Kh1 h4 46. a5+ Kxa5 47. Rf1 h3 48. Rd1 Rh2+ 49. Kg1 g3 50. Rd5+ Kb6 51. Rd1 Kc5 52. Rc1+ Kd5 53. Re1 Bd4+ 0-1

[Event "*** Titled Tuesday Blitz"]
[Site "Chess.com"]
[Date "2020.03.03"]
[Round "3"]
[White "VitaliyBernadskiy"]
[Black "ShahMatKanal"]
[Result "1-0"]
[WhiteElo "2787"]
[BlackElo "2510"]
[TimeControl "180+1"]
[EndTime "9:30:16 PST"]
[Termination "VitaliyBernadskiy won by resignation"]

1. d4 e6 2. e4 d5 3. Nc3 dxe4 4. Nxe4 Nf6 5. Nxf6+ Qxf6 6. Nf3 h6 7. h4 Qd8 8. Bd3 Nd7 9. Qe2 Nf6 10. Bd2 c5 11. c3 cxd4 12. Nxd4 Be7 13. O-O-O Qa5 14. Kb1 Bd7 15. g4 O-O-O 16. f3 Kb8 17. Nb3 Qc7 18. c4 Ka8 19. Ba5 b6 20. Bc3 Bc6 21. Rhe1 Rhg8 22. Nd4 Bb7 23. Nb5 Qc6 24. Be5 a6 25. Nd4 Qc5 26.
g5 hxg5 27. hxg5 Nd7 28. Bg3 Qxd4 29. Bh7 Qc5 30. Bxg8 Rxg8 31. Rxd7 Bxg5 32. Rxf7 Bf6 33. Bf2 Qb4 34. a3 Qb3 35. Qc2 Qxf3 36. Bxb6 Rc8 37. Rc7 Rb8 38. Ka2 Bd8 39. Rxb7 Qxb7 40. Bxd8 Rxd8 41.
Rxe6 Rb8 42. b4 Qf7 43. Rxa6+ Kb7 44. b5 Rc8 45. Qe4+ Kb8 46. Qa8+ Kc7 47. Rc6+ Kd7 48.
Qxc8+ Ke7 49. Rc7+ 1-0

[Event "*** Titled Tuesday Blitz"]
[Site "Chess.com"]
[Date "2020.03.03"]
[Round "3"]
[White "HarryCun"]
[Black "ChristianAlm"]
[Result "0-1"]
[WhiteElo "2106"]
[BlackElo "2348"]
[TimeControl "180+1"]
[EndTime "9:30:18 PST"]
[Termination "ChristianAlm won by checkmate"]

1. d4 Nf6 2. c4 e6 3. Nf3 d5 4. g3 Be7 5. Bg2 O-O 6. O-O c5 7. cxd5 Nxd5 8. Nc3 Nc6 9. Nxd5 exd5 10. Be3 c4 11. Bf4 Bf5 12. Ne5 Bf6 13. Re1 Re8 14. e4 Bxe4 15. Bxe4 dxe4 16. Rxe4 Qd5 17. f3 g5 18.
Nxc6 bxc6 19. Be5 Bxe5 20. dxe5 Rxe5 21. Qxd5 Rxd5 22. Rxc4 Rd2 23. Rxc6 Re8 24. Rc5 h6 25. h4 gxh4 26. gxh4 Ree2 27. b4 Rg2+ 28. Kh1 Rh2+ 29. Kg1 Rdg2+ 30. Kf1 Rb2 31. Kg1 Rxh4 32. a4 Rhxb4 33.
Rd1 Rb1 34. Rxb1 Rxb1+ 35. Kg2 Rb6 36. Ra5 a6 37. Rh5 Kg7 38. Kg3 Kg6 39. Rc5 f6 40. Kf4 Rb4+ 41. Ke3 Rxa4 42. Kf2 Ra1 43. Kg3 a5 44. Rc7 a4 45. f4 Kf5 46. Kf3 Ra3+ 47.
Kf2 Kxf4 48. Kg2 f5 49. Kf2 Ra2+ 50. Kf1 h5 51. Rc3 Kg4 52. Rc4+ f4 53. Kg1 h4 54.
Rc3 f3 55. Rc8 a3 56. Kh1 Kh3 57. Rc1 Rh2+ 58. Kg1 f2+ 59. Kf1 Rh1+ 60. Kxf2 Rxc1 61. Ke2 Rc3 62. Kd2 Rg3 63. Kc2 Kg4 64. Kb1 h3 65. Ka2 h2 66. Kb1 Rg2 67. Ka1 h1=Q# 0-1

[Event "*** Titled Tuesday Blitz"]
[Site "Chess.com"]
[Date "2020.03.03"]
[Round "3"]
[White "MITerryble"]
[Black "GianmarcoVaR"]
[Result "1-0"]
[WhiteElo "2934"]
[BlackElo "2557"]
[TimeControl "180+1"]
[EndTime "9:30:19 PST"]
[Termination "MITerryble won by resignation"]

1. d4 Nf6 2. Nf3 e6 3. e3 c5 4. dxc5 Bxc5 5. c4 O-O 6. a3 Be7 7. Be2 b6 8. O-O Bb7 9. Nc3 d5 10. cxd5 exd5 11. Nd4 Nbd7 12. Nf5 Re8 13. Nb5 Ne5 14.
Nxe7+ Qxe7 15. b3 Ne4 16. Bb2 a6 17. Nd4 Rad8 18. Rc1 Nc5 19. Qc2 Rc8 20. Qb1 Rc7 21. Rc2 Rd7 22. Rd1 Qd8 23. Nf5 f6 24. Bd4 Ne6 25.
Ba1 Nc5 26. h3 Kh8 27. Nd4 Rd6 28. Bh5 g6 29. Be2 Kg7 30. Bc3 Rd7 31. Be1 Ne4 32. Qc1 Qe7 33. Bb4 Qd8 34. a4 h5 35. Qb2 h4 36.
Rdc1 Qb8 37. Be1 Qd8 38. Qa3 Qb8 39. a5 b5 40. Qb4 Kh7 41. Nf3 Nxf3+ 42. Bxf3 Qe5 43.
Bc3 Nxc3 44. Qxh4+ Kg7 45. Rxc3 d4 46. exd4 Qe7 47. Bxb7 Rxb7 48. Qg4 Qb4 49. Rg3 g5 50. h4 Rbe7 51. hxg5 Re1+ 52. Rxe1 Qxe1+ 53. Kh2 Qxf2 54. gxf6+ Kxf6 55. Rf3+ Ke7 56. Rxf2 Rg8 57. Qxg8 1-0

[Event "*** Titled Tuesday Blitz"]
[Site "Chess.com"]
[Date "2020.03.03"]
[Round "3"]
[White "Monmoransy"]
[Black "GodDMuhammad"]
[Result "1-0"]
[WhiteElo "2595"]
[BlackElo "2347"]
[TimeControl "180+1"]
[EndTime "9:30:19 PST"]
[Termination "Monmoransy won by resignation"]

1. e4 e5 2. Nf3 f5 3. Nc3 Nc6 4. d4 fxe4 5. Nxe5 Nf6 6. Be2 d5 7. O-O Bd6 8. f3 Nxe5 9. dxe5 Bxe5 10. fxe4 dxe4 11. Qxd8+ Kxd8 12. Bg5 Bxc3 13. bxc3 Ke7 14. Rf4 Rf8 15. Bc4 Kd6 16. Bxf6 Rxf6 17. Rxe4 c6 18. Rd1+ Kc5 19. Rd8 b5 20. Bd3 Bb7 21. Re5+ Kb6 22.
Rxa8 Bxa8 23. Re7 a6 24. Rxg7 h6 25. Rg6 Rxg6 26. Bxg6 c5 27. Kf2 Bd5 28. a3 Kc6 29.
g4 Kd6 30. Ke3 Ke5 31. h4 Be6 32. g5 hxg5 33. hxg5 Ba2 34. Bd3 Bf7 35. g6 Bg8 36. Kf3 Bd5+ 37. Kg4 c4 38. Bf5 Kf6 39. Kf4 Bc6 40. Be4 Bd7 41. Ke3 Ke5 42. g7 Be6 43.
Bh7 Kd6 44. g8=Q Bxg8 45. Bxg8 Kc5 46. Ke4 a5 47. Be6 b4 48. cxb4+ axb4 49. axb4+ Kxb4 50. Kd4 c3 51. Kd3 Kc5 52. Kxc3 Kd6 53. Bb3 Kc6 54. Kc4 Kd6 55. c3 Kc7 56. Ba4 Kb6 57. Kb4 Kc7 58.
c4 Kb6 59. c5+ Kc7 60. Kc4 Kb7 61. Kb5 Kc7 62. c6 Kc8 63. Kb6 Kb8 64. Bc2 Kc8 65.
Bf5+ Kd8 66. c7+ 1-0

[Event "*** Titled Tuesday Blitz"]
[Site "Chess.com"]
[Date "2020.03.03"]
[Round "3"]
[White "marcodobrikov"]
[Black "arjwezhrtdrz"]
[Result "1-0"]
[WhiteElo "2561"]
[BlackElo "2101"]
[TimeControl "180+1"]
[EndTime "9:30:19 PST"]
[Termination "marcodobrikov won by resignation"]

1. e4 e6 2. d4 d5 3. Nc3 dxe4 4. Nxe4 Bd7 5. Nf3 Bc6 6. Bd3 Nd7 7. O-O Ngf6 8. Nxf6+ Qxf6 9. Be2 h6 10. c4 Be4 11. Be3 Be7 12. Nd2 Bh7 13. Bf3 Rb8 14.
Qb3 O-O 15. Rfe1 Rfd8 16. Rac1 c5 17. d5 Ne5 18. Be2 b6 19. f4 Nd7 20. Bf3 Bd6 21.
g3 e5 22. fxe5 Nxe5 23. Be2 Re8 24. Rf1 Qg6 25. Bf4 Rbd8 26. Rce1 Bb8 27. Qc3 a5 28. a3 f6 29. b4 axb4 30. axb4 Nd3 31. Bxd3 Qxd3 32.
Qxd3 Bxd3 33. Rxe8+ Rxe8 34. Rf3 Be2 35. Re3 Rxe3 36.
Bxe3 Bd6 37. bxc5 Bxc5 38. Bxc5 bxc5 39. Kf2 Bd3 40. Ke3 Bc2 41. Ne4 Bxe4 42. Kxe4 Kf7 43. g4 g6 44. h4 Ke7 45. h5 f5+ 46. gxf5 g5 47. Ke5 Kf7 48. f6 g4 49. Kf4 g3 50.
Kxg3 Kxf6 51. Kf4 1-0

[Event "*** Titled Tuesday Blitz"]
[Site "Chess.com"]
[Date "2020.03.03"]
[Round "3"]
[White "norwaytoadog"]
[Black "LawrenceTrent"]
[Result "0-1"]
[WhiteElo "2252"]
[BlackElo "2579"]
[TimeControl "180+1"]
[EndTime "9:30:20 PST"]
[Termination "LawrenceTrent won on time"]

1. e4 c5 2. Nf3 Nc6 3. Bb5 e5 4. Bxc6 dxc6 5. d3 f6 6. O-O Bd6 7. Nbd2 Ne7 8. Nc4 Ng6 9. Be3 b6 10. a3 a5 11. a4 Bc7 12. h3 Nf8 13.
Qe2 Ne6 14. c3 Qe7 15. b4 cxb4 16. cxb4 axb4 17. Nxb6 Bxb6 18. Bxb6 Ba6 19. Qc2 O-O 20. Rfd1 c5 21. Rac1 Rfc8 22. Qb3 Kh8 23. a5 Qd6 24. Qd5 Qe7 25. Nh4 g6 26. Qb3 Nd4 27. Qb2 Rc6 28. g3 Rac8 29. Ng2 Qd7 30. g4 h5 31. Ne3 hxg4 32.
hxg4 Kg7 33. Nd5 Bb7 34. Ne3 Rh8 35. Kg2 Ne6 36. Rh1 Nf4+ 37. Kg3 Nxd3 38. Qb3 Nxc1 39. Rxc1 c4 40. Qxb4 Qd3 41. Rd1 Qxe4 42. Rd7+ Kh6 43.
Qe1 Qf4+ 0-1

[Event "*** Titled Tuesday Blitz"]
[Site "Chess.com"]
[Date "2020.03.03"]
[Round "3"]
[White "vaishali2001"]
[Black "Msb2"]
[Result "0-1"]
[WhiteElo "2520"]
[BlackElo "2873"]
[TimeControl "180+1"]
[EndTime "9:30:23 PST"]
[Termination "Msb2 won by checkmate"]

1. e4 e6 2. d4 d5 3. Nd2 Be7 4.
Ngf3 Nf6 5. e5 Nfd7 6. Bd3 c5 7. c3 b6 8. Ne4 Ba6 9. Bxa6 Nxa6 10. Ng3 b5 11. h4 h6 12. h5 Nb6 13. Nh2 Kd7 14. a4 bxa4 15. Rxa4 Qc8 16. Ra1 cxd4 17. cxd4 Nb4 18.
O-O Qc2 19. Qg4 Qh7 20. Bd2 Rhc8 21. Bxb4 Bxb4 22. Qe2 Kd8 23. Qb5 Be7 24. Rfc1 Rxc1+ 25. Rxc1 Rc8 26. Rxc8+ Nxc8 27. Nf3 Qb1+ 28. Kh2 Qc2 29. Ne2 Nb6 30. Nc3 Qxf2 31. Qa5 Bg5 32. Nxg5 hxg5 33. Qxa7 Qh4+ 34. Kg1 Qxd4+ 35. Kh1 Qh4+ 36.
Kg1 Qe1+ 37. Kh2 Qxe5+ 38. Kh1 Nd7 39. Nb5 f5 40. Qa5+ Ke8 41. b4 Nf6 42. Qa8+ Kf7 43. Qd8 Qe1+ 44. Kh2 Ng4+ 45. Kh3 Qh4# 0-1

[Event "*** Titled Tuesday Blitz"]
[Site "Chess.com"]
[Date "2020.03.03"]
[Round "3"]
[White "Abdimalik_Abdisalimov"]
[Black "Eraschenkov"]
[Result "1-0"]
[WhiteElo "2807"]
[BlackElo "2577"]
[TimeControl "180+1"]
[EndTime "9:30:25 PST"]
[Termination "Abdimalik_Abdisalimov won by resignation"]

1. Nf3 Nf6 2. d4 g6 3. c4 Bg7 4. g3 c6 5. Bg2 d5 6. O-O O-O 7. Qb3 a5 8. Nc3 a4 9. Qb4 dxc4 10.
Qxc4 Be6 11. Qd3 Na6 12. a3 Nc7 13. Bg5 Nfd5 14. Ne4 h6 15. Bd2 b6 16. Rac1 f5 17.
Nc3 Nxc3 18. Rxc3 Bd5 19. Rfc1 Be4 20. Qc4+ Bd5 21. Qb4 Qd7 22. e3 Na6 23. Qxa4 Nc5 24. Qd1 Na4 25. R3c2 Bb3 26. Ne1 Nxb2 27. Qe2 Bxc2 28.
Rxc2 Rxa3 29. Rxb2 c5 30. Qc4+ Kh7 31. Rxb6 cxd4 32.
Rb7 Rc8 33. Qb4 Qd6 34. Qxd6 exd6 35. exd4 Ra2 36. Be3 Kh8 37. Bd5 Ra1 38. Kf1 Re8 39. Bf7 Rf8 40. Bxg6 Ra4 41. Nc2 Rc4 42. Rb2 Rfc8 43.
Bxf5 Rf8 44. Bd3 Rc3 45. Ke2 Rc7 46. Ra2 Re7 47. Kd2 Re6 48. h4 Ref6 49. Ke2 h5 50.
Ra6 Bh6 51. Bxh6 Rxh6 52. Ne3 Rhf6 53. Nf5 Re8+ 54. Kd2 Rd8 55. Ke3 Kg8 56. Kf4 Kf8 57. d5 Rf7 58. Be4 Rf6 59. f3 Rf7 60. Kg5 Kg8 61.
Kxh5 1-0

[Event "*** Titled Tuesday Blitz"]
[Site "Chess.com"]
[Date "2020.03.03"]
[Round "3"]
[White "Kobalia"]
[Black "jmduque"]
[Result "0-1"]
[WhiteElo "2609"]
[BlackElo "2446"]
[TimeControl "180+1"]
[EndTime "9:30:26 PST"]
[Termination "jmduque won on time"]

1. e4 e5 2. Nf3 Nc6 3. Bb5 a6 4. Ba4 Nf6 5. O-O Be7 6. d3 d6 7. c3 O-O 8. Nbd2 Kh8 9. Re1 Ng8 10. d4 b5 11. Bc2 f5 12. dxe5 Nxe5 13. Nxe5 dxe5 14.
exf5 Bxf5 15. Bxf5 Rxf5 16. Ne4 Qf8 17. Be3 Rf7 18. a4 b4 19. Qe2 h6 20. Qc4 Nf6 21.
Nc5 bxc3 22. Ne6 Qc8 23. bxc3 c6 24. Nc7 Qxc7 25. Qxf7 Nd5 26. Qe6 Rf8 27. Ra2 Nxc3 28. Rc2 Bb4 29. Qc4 Qa5 30. h3 Nd5 31. Ree2 Qxa4 32.
Qxc6 Qxc6 33. Rxc6 a5 34. Bc5 Re8 35. Bxb4 axb4 36. Rc5 Nc3 37. Rexe5 Rb8 38. Re1 Na4 39. Rce5 Kh7 40. Re8 Rb6 41. R8e6 Rb5 42. Ra6 Nc5 43. Raa1 b3 44. Rab1 Na4 45. Re3 b2 46. Re2 g6 47.
Re7+ Kg8 48. Rc7 Rb3 49. Kh2 h5 50. Rc2 Kg7 51. g3 Kf6 52. Kg2 Ke5 53. Rd2 Rb5 54.
f3 Rd5 0-1

[Event "*** Titled Tuesday Blitz"]
[Site "Chess.com"]
[Date "2020.03.03"]
[Round "3"]
[White "Gahan-MG"]
[Black "MikaelyanArman"]
[Result "1-0"]
[WhiteElo "2464"]
[BlackElo "2648"]
[TimeControl "180+1"]
[EndTime "9:30:27 PST"]
[Termination "Gahan-MG won on time"]

1. e4 c5 2. Nf3 Nc6 3. c3 Nf6 4. e5 Nd5 5. d4 cxd4 6. cxd4 d6 7.
Bc4 Nb6 8. Bb5 Bd7 9. Nc3 e6 10. O-O a6 11. Bd3 dxe5 12. dxe5 Be7 13. Qe2 Qc7 14.
a3 Rd8 15. Rd1 Bc8 16. Qe4 Nd5 17. Nxd5 exd5 18. Qf4 Be6 19. Be3 h6 20. Rac1 Qd7 21. Nd4 Nxd4 22. Qxd4 O-O 23. h3 Rc8 24. Bb1 Rxc1 25.
Rxc1 Rc8 26. Rxc8+ Qxc8 27. Qd3 g6 28. Bxh6 Bf5 29.
Qd1 Bxb1 30. Qxb1 Qc4 31. e6 Kh7 32. Bd2 fxe6 33. Qe1 Qe4 34. Qxe4 dxe4 35. Kf1 Kg7 36. Ke2 Kf6 37. Bc3+ Kf5 38. g4+ Kf4 39. Bd4 b5 40. Be3+ Ke5 41. Ba7 Kd5 42. Ke3 Bg5+ 43. Ke2 Kc4 44.
Bb8 Bf6 45. b4 Kb3 46. Ke3 Kxa3 47. Bd6 Kb3 48. Kxe4 Kc4 49. f4 Bh4 50. Ke5 Be1 51. Kxe6 1-0

[Event "*** Titled Tuesday Blitz"]
[Site "Chess.com"]
[Date "2020.03.03"]
[Round "3"]
[White "mitrabhaa"]
[Black "champ2005"]
[Result "1-0"]
[WhiteElo "2640"]
[BlackElo "2986"]
[TimeControl "180+1"]
[EndTime "9:30:28 PST"]
[Termination "mitrabhaa won on time"]

1. Nf3 d6 2. d4 f5 3. Nc3 Nf6 4. Bg5 Nbd7 5. Qd3 g6 6. e4 fxe4 7. Nxe4 Bg7 8. h4 Nxe4 9. Qxe4 Nf6 10. Qe3 Bf5 11. O-O-O h6 12. Bxf6 Bxf6 13. Bd3 Qd7 14. h5 g5 15. Rhe1 O-O-O 16. Bxf5 Qxf5 17. Qe6+ Qxe6 18. Rxe6 Kd7 19. Re4 Rhf8 20. Nh2 e6 21. Ng4 Bg7 22.
c3 Rde8 23. Rde1 c6 24. Kd2 Rf5 25. f3 a5 26. Kd3 a4 27. R4e2 Rff8 28. Kc4 Rf5 29.
Kb4 c5+ 30. dxc5 Rxc5 31. Kxa4 Ra8+ 32. Kb3 Rb5+ 33. Kc4 Kc6 34. b4 Ra3 35. Rc2 e5 36. Rb1 d5+ 37. Kd3 Kd6 38. Ne3 Ke6 39. Rb3 Ra8 40. g4 Rd8 41. Nf5 Bf6 42. Nxh6 e4+ 43. fxe4 dxe4+ 44. Ke2 Rbd5 45. c4 Rd3 46. Nf5 Ke5 47.
c5 Kf4 48. Nd6 Rd5 49. Rc4 Bd4 50. Nxb7 Rc8 51. Nd6 Rxd6 52. cxd6 Rxc4 53. d7 Bb6 54. a4 Rc2+ 55. Kd1 Ra2 56. a5 Bd8 57. h6 Rh2 58. a6 Rxh6 59. Ra3 Rh1+ 60. Ke2 Rh2+ 61. Kf1 Bc7 62.
a7 1-0

[Event "*** Titled Tuesday Blitz"]
[Site "Chess.com"]
[Date "2020.03.03"]
[Round "3"]
[White "szefru"]
[Black "Thunderbolt1909"]
[Result "0-1"]
[WhiteElo "2159"]
[BlackElo "2394"]
[TimeControl "180+1"]
[EndTime "9:30:30 PST"]
[Termination "Thunderbolt1909 won by checkmate"]

1. Nf3 d5 2. d4 Nf6 3. c4 c6 4. Nc3 e6 5. Bf4 dxc4 6. e3 b5 7. Ne5 Bb7 8. Be2 Nbd7 9. O-O Nd5 10. Ne4 Nxf4 11. exf4 Nxe5 12. fxe5 Qb6 13. Qd2 O-O-O 14.
Rfd1 c5 15. Ng5 Rxd4 16. Qe3 Qc7 17. Rxd4 cxd4 18. Qxd4 Bc5 19. Qf4 h6 20. Nxf7 Rf8 21.
Bh5 Bd5 22. Rd1 Kb7 23. a3 a5 24. Rxd5 exd5 25. Qf5 Kb6 26. e6 d4 27. Qd5 Qc6 28. Qe5 d3 29. e7 Re8 30. Bf3 Rxe7 31. Qb8+ Rb7 32. Qd8+ Qc7 33. Qd5 Rb8 34. Ne5 Rd8 35.
Qe4 Rd6 36. h4 d2 37. Bd1 Rd4 38. Qf5 Rd5 39. Qe6+ Qd6 40. Qc8 Rxe5 41. Qg4 Re1# 0-1

[Event "*** Titled Tuesday Blitz"]
[Site "Chess.com"]
[Date "2020.03.03"]
[Round "3"]
[White "renehp"]
[Black "Saloni1299"]
[Result "1-0"]
[WhiteElo "2323"]
[BlackElo "2035"]
[TimeControl "180+1"]
[EndTime "9:30:30 PST"]
[Termination "renehp won on time"]

1. e4 c5 2. Nf3 d6 3. d4 Nf6 4. Nc3 cxd4 5. Nxd4 a6 6. Be3 e5 7. Nb3 Be6 8. h3 Be7 9. Qf3 b5 10. O-O-O Qc7 11. Kb1 Nbd7 12. g4 Nc5 13. Nxc5 dxc5 14. g5 Nd7 15. Nd5 Bxd5 16. exd5 Bd6 17. h4 Nb6 18. h5 O-O-O 19. h6 g6 20. Qe4 Nd7 21. a4 Qb6 22. axb5 axb5 23. Rd3 Kc7 24. Rb3 Qa5 25.
Bxb5 Ra8 26. Kc1 Rhb8 27. Bxd7 Rxb3 28. cxb3 Kxd7 29. Kc2 Rb8 30. Qa4+ Qxa4 31. bxa4 Ra8 32. Ra1 Be7 33. Kd3 Kd6 34. Kc4 f5 35. Bxc5+ Kd7 36.
Bxe7 Kxe7 37. a5 Kd6 38. a6 Rc8+ 39. Kd3 Kxd5 40. a7 Ra8 41. b4 e4+ 42. Kc3 Kc6 43. Kd4 Kb6 44. Ke5 Rxa7 45. Rd1 Kb5 46. Rd4 Re7+ 47.
Kf6 Rc7 48. Rd8 Kxb4 49. Rg8 f4 50. Re8 1-0

[Event "*** Titled Tuesday Blitz"]
[Site "Chess.com"]
[Date "2020.03.03"]
[Round "3"]
[White "ChesterF"]
[Black "bgfbfbgfbgfgf"]
[Result "0-1"]
[WhiteElo "2439"]
[BlackElo "2642"]
[TimeControl "180+1"]
[EndTime "9:30:31 PST"]
[Termination "bgfbfbgfbgfgf won on time"]

1. d4 Nf6 2. c4 c5 3. d5 e6 4. Nc3 d6 5. Nf3 g6 6. e4 Bg7 7. h3 O-O 8. Bd3 Nbd7 9. O-O e5 10.
Re1 h6 11. Bd2 Nh7 12. Qc1 f5 13. exf5 gxf5 14. Bxh6 e4 15. Nxe4 fxe4 16. Bxe4 Ndf6 17. Bd3 Bd7 18. Nh4 Bxh6 19. Qxh6 Rf7 20. Re3 Rg7 21. Rae1 Ng5 22. Ng6 Nfh7 23. Re7 Nf7 24. Qh5 Qa5 25. Kh2 Rd8 26. Rxf7 Rxf7 27. Re7 Be8 28. Rxf7 Bxf7 29. Ne7+ Kf8 30. Ng6+ Bxg6 31. Qxg6 Qc7 32. Qxh7 Qxh7 33. Bxh7 Re8 34. Bd3 Re1 35. Kg3 Rd1 36. Bf5 Rd2 37. h4 Rxb2 38. Be6 Rxa2 39. h5 Kg7 40. f3 a5 41. f4 a4 42. Kh3 a3 43. g4 Ra1 44. g5 a2 45. h6+ Kf8 46. g6 Rh1+ 47. Kg2 Rxh6 0-1

[Event "*** Titled Tuesday Blitz"]
[Site "Chess.com"]
[Date "2020.03.03"]
[Round "3"]
[White "DACF2905"]
[Black "Alopekos"]
[Result "0-1"]
[WhiteElo "2218"]
[BlackElo "2473"]
[TimeControl "180+1"]
[EndTime "9:30:38 PST"]
[Termination "Alopekos won on time"]

1. c4 g6 2. Nc3 Bg7 3. d4 d6 4. Nf3 Nf6 5. g3 O-O 6. Bg2 Nc6 7. O-O e5 8. dxe5 dxe5 9. Qxd8 Rxd8 10. Bg5 Be6 11.
b3 h6 12. Bxf6 Bxf6 13. e4 Nd4 14. Nd5 Bxd5 15. cxd5 c6 16. dxc6 bxc6 17. Rfd1 c5 18. Nd2 Ne2+ 19. Kf1 Nc3 20. Rdc1 Rxd2 21. Rxc3 Rc8 22.
Rac1 Rxa2 23. Rxc5 Rd8 24. Rc8 Kf8 25. Rxd8+ Bxd8 26. Rc8 Ke7 27. Bh3 Bb6 28. Rc6 Rxf2+ 29. Ke1 Rxh2 30. Bc8 Rb2 31. Ba6 Rxb3 32. Bc4 Rxg3 33. Bd5 Rg2 34. Rc8 h5 35. Rb8 Rc2 36. Rb7+ Rc7 37. Rb8 h4 38. Ke2 Kf6 39. Kf3 Rc3+ 40.
Kg4 g5 41. Rf8 Rg3+ 42. Kh5 Ke7 43. Rxf7+ Kd6 44. Rf6+ Kc5 45. Re6 Kd4 46. Rh6 h3 47. Kg6 g4 48. Kf5 Rg2 49. Bc6 h2 50. Rd6+ Kc5 51.
Rh6 h1=Q 52. Rxh1 Kxc6 53. Kxe5 Re2 54. Kf5 g3 0-1

[Event "*** Titled Tuesday Blitz"]
[Site "Chess.com"]
[Date "2020.03.03"]
[Round "3"]
[White "dusanacns"]
[Black "youngKID"]
[Result "0-1"]
[WhiteElo "2676"]
[BlackElo "2852"]
[TimeControl "180+1"]
[EndTime "9:30:39 PST"]
[Termination "youngKID won on time"]

1. e4 e5 2. Nf3 Nc6 3. Bc4 Nf6 4. d3 h6 5. c3 d6 6. a4 g5 7. Na3 Bg7 8. Nc2 Be6 9. Ba2 d5 10. Qe2 O-O 11. h4 g4 12. Nh2 Qd7 13. Nf1 Rad8 14. Ng3 Rfe8 15. O-O a5 16. Bb1 d4 17. c4 Qe7 18. Bd2 Nd7 19. h5 Nc5 20. Ra3 b6 21. b4 axb4 22. Nxb4 Nxb4 23. Bxb4 Ra8 24. Bc2 Qh4 25.
Rfa1 Bf8 26. Be1 Qf6 27. R3a2 Nb7 28. Bd1 Na5 29. Nf5 Bxf5 30. exf5 g3 31. Qg4+ Kh8 32. Bf3 gxf2+ 33. Bxf2 Rad8 34. Bh4 Qg7 35. Qxg7+ Kxg7 36. f6+ Kh8 37. Be4 Bb4 38. Rf1 Rg8 39. Rf3 Rg4 40.
g3 Nxc4 0-1

[Event "*** Titled Tuesday Blitz"]
[Site "Chess.com"]
[Date "2020.03.03"]
[Round "3"]
[White "Atakishiyev04"]
[Black "David_Paravyan"]
[Result "1/2-1/2"]
[WhiteElo "2677"]
[BlackElo "2829"]
[TimeControl "180+1"]
[EndTime "9:30:39 PST"]
[Termination "Game drawn by repetition"]

1. d4 Nf6 2. c4 g6 3. Nc3 d5 4.
cxd5 Nxd5 5. e4 Nxc3 6. bxc3 Bg7 7. Bc4 c5 8. Ne2 Nc6 9. Be3 O-O 10. h4 cxd4 11.
cxd4 b5 12. Bb3 Na5 13. h5 Bb7 14. f3 Nc4 15. hxg6 hxg6 16. Bh6 Bxh6 17. Rxh6 Kg7 18. Rh3 Rh8 19. Rxh8 Qxh8 20. Kf2 Qh4+ 21. Ng3 Rd8 22. Rc1 f5 23. Qh1 Qxh1 24. Rxh1 fxe4 25. Bxc4 bxc4 26. Ke3 exf3 27. gxf3 e5 28. Ne2 Re8 29. Rb1 exd4+ 30. Kf2 Bd5 31. Nxd4 Rc8 32. Rb5 Bf7 33. Rb7 c3 34. Nc2 Rd8 35. Ke3 Rd2 36. Nd4 Rxa2 37.
f4 c2 38. Rc7 Ra3+ 39. Kd2 Ra4 40. Nxc2 a5 41. Ra7 Rxf4 42. Rxa5 Rf2+ 43. Kd3 Rf3+ 44. Ke4 Rh3 45. Nd4 Rh4+ 46. Ke3 Rh3+ 47. Ke4 Rh4+ 48. Ke3 Kh6 49. Ra6 Rh5 50. Kf4 Bd5 51.
Rd6 Ba8 52. Rd8 Rh4+ 53. Ke5 Re4+ 54. Kf6 Rf4+ 55. Ke5 Re4+ 56. Kf6 Rf4+ 57. Ke5 Re4+ 1/2-1/2

[Event "*** Titled Tuesday Blitz"]
[Site "Chess.com"]
[Date "2020.03.03"]
[Round "3"]
[White "Peroncio"]
[Black "124chess"]
[Result "1-0"]
[WhiteElo "2670"]
[BlackElo "2457"]
[TimeControl "180+1"]
[EndTime "9:30:39 PST"]
[Termination "Peroncio won by resignation"]

1. Nf3 d5 2. g3 Nc6 3. c4 d4 4.
Bg2 e5 5. O-O Nf6 6. d3 a5 7.
Na3 Bc5 8. Nc2 O-O 9. b3 Re8 10. Bg5 h6 11. Bxf6 Qxf6 12. a3 Qe7 13. Nd2 f5 14.
Qb1 Kh8 15. Qb2 Bd6 16. Rab1 Nb8 17. b4 axb4 18. axb4 c6 19. c5 Bc7 20. e3 dxe3 21.
Nxe3 Be6 22. Rfe1 Nd7 23. Nf3 Qf6 24. Nh4 f4 25. Nc4 Bd5 26. Be4 Nf8 27. Qe2 Ne6 28. Nf3 Rad8 29. Ra1 Nd4 30. Nxd4 exd4 31. Nd2 fxg3 32.
hxg3 Qg5 33. Kg2 Qf6 34. Qf3 Qxf3+ 35. Kxf3 Rf8+ 36. Kg2 Be6 37. Bxc6 Bc8 38. Be4 g5 39. Nc4 Kg7 40. b5 Rde8 41. b6 Bb8 42. Bf3 Rxe1 43.
Rxe1 Kf6 44. Ra1 g4 45. Be4 h5 46. Ra8 Be6 47. Bxb7 Bxc4 48. dxc4 d3 49. Ra3 Rd8 50. Bd5 h4 51. gxh4 d2 52. Rd3 Bf4 53. c6 Rb8 54. c7 1-0